 Dungeon Crawl Stone Soup version 0.28.0 (webtiles) character file.

Game seed: 10956477078645193300

210 SnakkuSnakku7 the Changer (level 5, -4/28 HPs)
             Began as a Deep Elf Transmuter on Feb 8, 2022.
             Slain by an orc priest (9 damage)
             ... on level 4 of the Dungeon.
             The game lasted 00:04:40 (3209 turns).

SnakkuSnakku7 the Changer (Deep Elf Transmuter)     Turns: 3209, Time: 00:04:40

Health: -4/28      AC:  2    Str:  7    XL:     5   Next: 56%
Magic:  8/11       EV: 20    Int: 20    God:
Gold:   57         SH:  0    Dex: 20    Spells: 2/10 levels left

rFire   . . .      SeeInvis .     - Unarmed
rCold   . . .      Faith    .   (shield currently unavailable)
rNeg    . . .      Spirit   .   (armour currently unavailable)
rPois   x          Reflect  .   (helmet currently unavailable)
rElec   .          Harm     .   (cloak currently unavailable)
rCorr   .          Rampage  .   (gloves currently unavailable)
Will    .....                   (boots currently unavailable)
Stlth   ++........              (no amulet)
HPRegen 0.09/turn               (no ring)
MPRegen 0.12/turn               (no ring)

@: spider-form, attractive
A: venomous fangs, tiny
a: End Transformation


You were on level 4 of the Dungeon.
You were a venomous arachnid creature.
You visited 1 branch of the dungeon, and saw 4 of its levels.

You collected 57 gold pieces.

Inventory:

Armour
 a - a +0 robe (melded)
Scrolls
 b - a scroll of noise {unknown}
 c - a scroll of vulnerability
 f - a scroll of identify


   Skills:
 - Level 0.7 Fighting
 - Level 2.4 Dodging
 + Level 4.1 Unarmed Combat
 - Level 3.0 Spellcasting
 + Level 4.1 Transmutations
 - Level 2.0 Poison Magic


You had 2 spell levels left.
You knew the following spells:

 Your Spells              Type           Power      Damage    Failure   Level
a - Beastly Appendage     Tmut           38%        N/A       10%         1
b - Spider Form           Tmut/Pois      15%        N/A       28%         3
c - Ice Form              Ice/Tmut       11%        N/A       73%         4

Your spell library contained the following spells:

 Spells                   Type           Power      Damage    Failure   Level
 Wereblood                Tmut           19%        N/A       13%         2


Dungeon Overview and Level Annotations

Branches:
Dungeon (4/15)
 Temple: D:4-7

Altars:


Message History

The orc priest barely misses you.
You climb downwards.
Reactivating autopickup.
There is a stone staircase leading up here.
The orc priest calls down the wrath of Beogh upon you.
Beogh smites you!
Ouch! That really hurt!
* * * LOW HITPOINT WARNING * * *
Unknown command.
It was a potion of attraction.
You feel attractive to monsters. The phantom is attracted toward you.
It was a potion of curing.
You feel better. The phantom hits you.
* * * LOW HITPOINT WARNING * * *
The phantom blinks!
You blink.
A bullfrog skeleton comes into view.
The bullfrog skeleton is attracted toward you.
The howler monkey skeleton is attracted toward you.
The orc priest is attracted toward you.
Unknown command.
As you read the scroll labelled KIXOUCK XAOTWISTA, it crumbles to dust.
It is a scroll of identify.
c - a scroll of vulnerability The bullfrog skeleton hits you but does no damage.
The phantom hits you.
* * * LOW HITPOINT WARNING * * *
The phantom blinks!
You blink.
The orc priest is attracted toward you.
The bullfrog skeleton is attracted toward you.
The howler monkey skeleton is attracted toward you.
Casting: Spider Form (quite dangerous; 12% risk of failure)
Confirm with . or Enter, or press ? or * to list all spells.
The spell is quite dangerous to miscast (12% risk of failure)!
Continue anyway?
You turn into a venomous arachnid creature.
Your +0 robe melds into your body.
The phantom misses you. The orc priest completely misses you.
Unknown command.
Unknown command.
You barely miss the orc priest. The phantom closely misses you.
The orc priest hits you with a +0 flail!
You die...

# #.######
#.#+####..#....
...§............
##.....<....###.
#.....§.#..#
####....#..#
#....##.#
..######oZ.§##..
.......sWZ.......
..########.##.#
... ... #.# #.#
#.# ..# ### .#


You could see a phantom, an orc priest, a bullfrog skeleton and a howler monkey
skeleton.

Vanquished Creatures
  An iguana (D:2)
  Natasha (thrice) (D:2)
  4 gnolls (D:2)
  2 worms
  2 dart slugs
  5 endoplasms
  3 giant cockroaches
  5 goblins
  6 hobgoblins
  4 jackals (D:2)
  7 kobolds
  A quokka (D:1)
  6 ball pythons
  7 bats
  4 frilled lizards
  5 rats
65 creatures vanquished.

Notes
Turn   | Place    | Note
-------+----------+-------------------------------------------
     0 | D:1      | SnakkuSnakku7 the Deep Elf Transmuter began the quest for
                  | the Orb.
     0 | D:1      | Reached XP level 1. HP: 11/11 MP: 6/6
   105 | D:1      | Reached XP level 2. HP: 10/16 MP: 6/8
   352 | D:1      | Found a faded altar of an unknown god.
   621 | D:1      | Reached XP level 3. HP: 20/20 MP: 7/9
   630 | D:1      | Learned a level 3 spell: Spider Form
  1415 | D:2      | Reached skill level 1 in Poison Magic
  1554 | D:2      | Noticed Natasha
  1640 | D:2      | Killed Natasha
  1641 | D:2      | Reached XP level 4. HP: 24/24 MP: 7/10
  1739 | D:2      | Noticed Natasha
  1746 | D:2      | Killed Natasha
  1769 | D:1      | Learned a level 4 spell: Ice Form
  2258 | D:2      | Reached XP level 5. HP: 21/28 MP: 9/11
  2713 | D:2      | Noticed Natasha
  2722 | D:2      | Killed Natasha
  3201 | D:4      | Noticed a phantom
  3209 | D:4      | Slain by an orc priest

Illustrated notes

Levels and vault maps discovered:
D:1:      minmay_arrival_jagged, layout_basic, basic_ecumenical_altar
D:2:      layout_loops_ring, minmay_distorted, uniq_natasha
D:3:      layout_basic, nicolae_uskayaw_dance_hall
D:4:      layout_basic, serial_rivers, chequers_serial_rivers_marsh,
          chequers_serial_rivers_micro_b, chequers_serial_rivers_marsh,
          chequers_serial_rivers_large_a, ebering_ghost_sewer_d, uniq_ijyb

Skill      XL: |  1  2  3  4  5 |
---------------+----------------+-----
Transmutations | 3 4 |  4.1
Unarmed Combat | 3 4 |  4.1
Poison Magic   | 1 2 |  2.0
Fighting       | |  0.7
Dodging        | |  2.4
Spellcasting   | |  3.0

Action                   |  1- 3 |  4- 6 || total
-------------------------+-------+-------++-------
Melee: Unarmed           |   113 |    79 ||   192
       Kick              |    22 |    14 ||    36
       Headbutt          |    17 |     9 ||    26
 Cast: Beastly Appendage |    21 |    10 ||    31
       Spider Form       |     1 |     6 ||     7
  Use: Potion            |       |     2 ||     2
       Scroll            |       |     1 ||     1
 Stab: Sleeping          |     2 |     1 ||     3
Armor: Robe              |    27 |    16 ||    43
Dodge: Dodged            |    72 |    59 ||   131
